AoeStats
← Battousai

Lombardia

509307162Analyzed
4v4 RM · 5d ago on Sep 26, 2026· 16m 18s· 8 players
Game mode
Random Map
Map size
Large (8 player)
Population
200
Speed
Normal
Resources
Standard
Victory
Conquest
Starting age
Dark Age
Ending age
Imperial Age
RankedLock teamsTeams togetherTeam positionsShared explorationLock speedFull tech treeHidden civsTurbo modeCheats
Victory
Defeat
1215
+15
🇷🇺 Magyars · Russia
1146
+18
🇨🇳 Cumans · China
1146
+18
🇨🇳 Teutons · China
1089
+21
🇨🇳 Cumans · China
1201
-18
🇮🇳 Chinese · India
1194
-18
🇨🇳 Muisca · China
1194
-18
🇲🇽 Saxons · Mexico
1193
-18
Battousai
10:15 Feudal Age
14:40 Castle Age
13:48 Double-Bit Axe
14:03 Horse Collar
15:51 Bow Saw
Ambarish Choudhary
0:40 Loom
10:19 Feudal Age
15:48 Castle Age
14:11 Double-Bit Axe
14:12 Horse Collar
16:46 Wheelbarrow
16:06 Stone Mining
1361331795
0:48 Loom
11:14 Feudal Age
17:05 Castle Age
15:09 Horse Collar
彭大帅
10:37 Feudal Age
11:04 Loom
daitoudaguo
6:01 Loom
8:59 Feudal Age
9:36 Double-Bit Axe
11:40 Horse Collar
14:36 Wheelbarrow
长沙帝国不强也不菜
8:00 Loom
10:16 Feudal Age
12:48 Double-Bit Axe
15:56 Fletching
洗白灰
11:11 Feudal Age
9:27 Loom
13:54 Horse Collar
16:45 Castle Age
14:38 Double-Bit Axe
周杰伦
11:33 Feudal Age
12:18 Double-Bit Axe
12:17 Horse Collar
15:16 Castle Age
13:59 Horse Collar
Connection lost

Rejoining the realm…

Still unreachable

The connection could not be restored.

Session expired

The server has moved on; the page needs a fresh start.